 Dungeon Crawl Stone Soup version 0.28-a0-984-g3775c662fe (webtiles) character file.

Game seed: 4064673314785741326

147 sanka the Chopper (level 5, -1/43 HPs)
             Began as a Palentonga Abyssal Knight on Dec 3, 2021.
             Was a Priest of Lugonu.
             Slain by a sky beast (5 damage)
             ... on level 3 of the Dungeon.
             The game lasted 00:05:25 (3921 turns).

sanka the Chopper (Palentonga Abyssal Knight)       Turns: 3921, Time: 00:05:26

Health: -1/43      AC:  5    Str: 18    XL:     5   Next: 7%
Magic:  6/6        EV:  9    Int: 10    God:    Lugonu [***...]
Gold:   127        SH:  0    Dex: 11    Spells: 4/4 levels left

rFire   . . .      SeeInvis +   a - +1 hand axe
rCold   . . .      Faith    .   (no shield)
rNeg    . . .      Spirit   .   b - +0 leather armour
rPois   .          Reflect  .   k - +0 helmet
rElec   .          Harm     .   (no cloak)
rCorr   .          Rampage  .   (no gloves)
Will    .....                   (no barding)
Stlth   +.........              (no amulet)
HPRegen 0.14/turn               (no ring)
MPRegen 0.10/turn               (no ring)

@: brilliant, flying
A: large, rugged brown scales 3, see invisible, deformed body, roll 1, armoured
tail
a: Rolling Charge, Renounce Religion, Depart the Abyss, Bend Space, Banish


You were on level 3 of the Dungeon.
You worshipped Lugonu.
Lugonu was most pleased with you.
You visited 1 branch of the dungeon, and saw 4 of its levels.
You visited the Abyss 1 time.

You collected 127 gold pieces.


Innate Abilities, Weirdness & Mutations

You are completely covered in rugged brown scales. (AC +3, +7% HP)
You have supernaturally acute eyesight. (SInv)
Armour fits poorly on your strangely shaped body.
You can roll at nearby foes to attack.
You have a long armoured tail.


   Skills:
 - Level 3.0 Fighting
 + Level 5.3 Axes
 - Level 1.5 Armour
 - Level 0.7 Dodging
 * Level 2.0 Invocations


You had 4 spell levels left.
You didn't know any spells.
Your spell library contained the following spells:

 Spells                   Type           Power      Damage    Failure   Level
 Sandblast                Erth           0%         2d4       41%         1
 Passwall                 Tmut/Erth      0%         N/A       56%         2
 Stone Arrow              Conj/Erth      0%         3d7       80%         3

Inventory:

Hand Weapons
 a - a +1 hand axe (weapon)
 f - a +2 short sword of draining
Armour
 b - a +0 leather armour (worn)
 k - a +0 helmet (worn)
Wands
 i - a wand of digging (7)
Scrolls
 d - a scroll of immolation {!r}
 g - a scroll of summoning
 h - a scroll of teleportation {unknown}
Potions
 l - a potion of degeneration {unknown}

Dungeon Overview and Level Annotations

Branches:
Dungeon (4/15)
 Temple: D:4-7

Altars:
Elyvilon
Kikubaaqudgha
Makhleb
Okawaru
Xom

Annotations:
D:3 1 runed translucent door, Crazy Yiuf

▒▒▒.......▒ ▒.........▒▒
...........▒▒
......<.....▒
.▒▒▒▒▒▒▒▒▒▒.▒
....†...<▒▒.▒▒▒▒▒▒▒▒
▒▒▒▒▒▒▒▒(▒▒........▒
(...[.....▒▒▒▒▒▒▒▒.▒▒
........▒......YH...▒▒▒
........▒▒▒▒▒▒▒▒▒▒....▒▒
........▒ ▒▒[...▒
........▒ ▒▒>).▒
▒▒▒▒▒▒▒▒▒ ▒.▒.▒▒
......▒▒▒▒▒ ▒.▒..▒
▒▒▒▒▒.....▒▒▒▒ ▒.▒▒.▒▒▒
▒ ▒▒▒▒▒....▒▒ ▒▒▒.▒▒...▒
▒▒ ▒▒▒▒..▒▒ ▒.....▒▒.▒▒▒


You could see a sky beast (invisible).


Message History

You closely miss the sky beast.
The sky beast is severely wounded.
The sky beast hits you but does no damage.
You hit the sky beast but do no damage.
The sky beast is severely wounded.
The sky beast closely misses you.
You closely miss the sky beast.
The sky beast is severely wounded.
The sky beast hits you.
* * * LOW HITPOINT WARNING * * *
The sky beast shocks you.
* * * LOW HITPOINT WARNING * * *
You miss the sky beast.
The sky beast is severely wounded.
The sky beast hits you.
* * * LOW HITPOINT WARNING * * *
The sky beast shocks you.
* * * LOW HITPOINT WARNING * * *
The sky beast flickers out of sight for a moment.
The sky beast flickers out of sight for a moment.
It was a potion of brilliance.
You feel clever all of a sudden.
The sky beast hits you but does no damage.
It was a potion of flight.
You feel very buoyant.
You fly up into the air.
The sky beast hits you.
* * * LOW HITPOINT WARNING * * *
The sky beast shocks you.
You die...

Action                   |  1- 3 |  4- 6 || total
-------------------------+-------+-------++-------
Melee: Hand axe          |   121 |   210 ||   331
       Tailslap          |     9 |    35 ||    44
 Abil: Rolling Charge    |     3 |     1 ||     4
  Use: Scroll            |       |     2 ||     2
       Potion            |       |     2 ||     2
Armor: Leather armour    |    51 |    53 ||   104
Dodge: Dodged            |    68 |    64 ||   132

Levels and vault maps discovered:
D:1:      giann_forest_graveyard, layout_loops_ring,
          dreamdust_ecumenical_altar_drowned_temple, minmay_rat_gold_closets
D:2:      layout_rooms, serial_forest, infiniplex_forest_join,
          infiniplex_forest_lined_room_2, infiniplex_forest_clump_small,
          infiniplex_forest_clump_curved, infiniplex_forest_lined_3, basic_altar
D:3:      layout_rooms, mainiacjoe_overflow_tiny_flanked,
          grunt_temple_overflow_diamond, serial_bayou_lake_a, uniq_sigmund,
          uniq_crazy_yiuf_cottage
D:4:      layout_layer_cave

Notes
Turn   | Place    | Note
-------+----------+-------------------------------------------
     0 | Abyss:1  | sanka the Palentonga Abyssal Knight began the quest for the
                  | Orb.
     0 | Abyss:1  | Reached XP level 1. HP: 19/19 MP: 2/2
    15 | D:1      | Escaped the Abyss
   164 | D:1      | Reached XP level 2. HP: 17/25 MP: 3/3
   294 | D:1      | Reached skill level 3 in Axes
   306 | D:1      | Found a faded altar of an unknown god.
   615 | D:1      | Reached XP level 3. HP: 22/31 MP: 4/4
   974 | D:1      | Reached ** piety under Lugonu
  1500 | D:1      | Reached skill level 4 in Axes
  1810 | D:2      | Reached XP level 4. HP: 37/37 MP: 5/5
  2240 | D:2      | Found a shimmering altar of Xom.
  2707 | D:3      | Found a runed translucent door.
  2708 | D:3      | Noticed Crazy Yiuf
  2851 | D:3      | Found a white marble altar of Elyvilon.
  2877 | D:3      | Reached skill level 5 in Axes
  3191 | D:3      | Found a burning altar of Makhleb.
  3194 | D:3      | Found an ancient bone altar of Kikubaaqudgha.
  3199 | D:3      | Found an iron altar of Okawaru.
  3286 | D:3      | Reached *** piety under Lugonu
  3297 | D:3      | Reached XP level 5. HP: 38/43 MP: 6/6
  3506 | D:3      | Noticed Sigmund
  3730 | D:4      | Noticed a steam dragon
  3868 | D:4      | Noticed a sky beast
  3884 | D:3      | HP: 3/43 [sky beast (6)]
  3921 | D:3      | HP: 4/43 [sky beast (4)]
  3921 | D:3      | Slain by a sky beast

Vanquished Creatures
  A gnoll (D:1)
  5 adders
  3 worms
  5 orcs (D:3)
  8 bats
  2 endoplasms
  4 giant cockroaches
  7 goblins
  9 hobgoblins
  4 jackals (D:2)
  3 quokkas
  3 ball pythons (D:1)
  4 frilled lizards
  7 kobolds
  10 rats (D:1)
  A spectral kobold (D:1)
  A bush (D:2)
77 creatures vanquished.

Vanquished Creatures (others)
  10 plants
10 creatures vanquished.

Grand Total: 87 creatures vanquished
